 Dungeon Crawl Stone Soup version 0.22-a0-185-ge330310 (webtiles) character file.

130 vishdafish the Skirmisher (level 4, -1/36 HPs)
             Began as a Demonspawn Fighter on Feb 15, 2018.
             Killed from afar by an orc wizard (8 damage)
             ... with a magic dart
             ... on level 3 of the Dungeon.
             The game lasted 00:01:57 (2317 turns).

vishdafish the Skirmisher (Demonspawn Fighter)      Turns: 2317, Time: 00:01:58

Health: -1/36      AC:  6    Str: 21    XL:     4   Next: 89%
Magic:  4/4        EV:  7    Int: 11    God:
Gold:   84         SH:  9    Dex: 12    Spells: 3/3 levels left

rFire    . . .     SeeInvis .   a - +0 long sword
rCold    . . .     Gourm    .   c - +0 shield
rNeg     . . .     Faith    .   b - +0 scale mail
rPois    .         Spirit   .   (helmet restricted)
rElec    .         Reflect  .   (no cloak)
rCorr    .         Harm     .   (no gloves)
MR       .....                  (no boots)
Stlth    ..........             (no amulet)
HPRegen  0.12/turn              (no ring)
MPRegen  0.09/turn              (no ring)

@: mighty
A: horns 1, sturdy frame 1
a: no special abilities


You were on level 3 of the Dungeon.
You were not hungry.

You visited 1 branch of the dungeon, and saw 3 of its levels.

You collected 84 gold pieces.

Inventory:

Hand Weapons
 a - a +0 long sword (weapon)
Armour
 b - a +0 scale mail (worn)
 c - a +0 shield (worn)
Scrolls
 g - 3 scrolls of remove curse {unknown}
 i - a scroll of enchant armour {unknown}
 j - a scroll of noise {unknown}
 k - a scroll of fear {unknown}
 l - 4 scrolls of identify {unknown}
 p - a scroll of enchant weapon {unknown}
 q - a scroll of magic mapping {unknown}
Potions
 e - a potion of haste {unknown}
 h - a potion of heal wounds {unknown}
 m - 2 potions of agility {unknown}
 n - a potion of mutation {unknown}
 o - a potion of magic {unknown}
Comestibles
 f - 7 rations


   Skills:
 + Level 3.6 Fighting
 * Level 3.2 Long Blades
 + Level 3.3 Armour
 + Level 3.3 Shields


You had 3 spell levels left.
You didn't know any spells.

Dungeon Overview and Level Annotations

Branches:
Dungeon (3/15)

Altars:


Innate Abilities, Weirdness & Mutations

You have a pair of small horns on your head.
Your movements are slightly less encumbered by armour. (ER -2)


Message History

You are too injured to fight recklessly!
You are too injured to fight recklessly!
You are too injured to fight recklessly!
You are too injured to fight recklessly!
You are too injured to fight recklessly!
You are too injured to fight recklessly!
You are too injured to fight recklessly!
You are too injured to fight recklessly!
You are too injured to fight recklessly!
You are too injured to fight recklessly!
You are too injured to fight recklessly!
You are too injured to fight recklessly!
You are too injured to fight recklessly!
You feel very mighty all of a sudden. Something hits you but does no damage.
You closely miss something.
You hear some strange, mumbled words.
A magic dart appears from out of thin air!
The magic dart hits you!
You die...

# .##.
########....
#.........#
####.........#
............###
#...........
..###...@....##
.#......[{.....#
...###.......#.#
#..####...###
.#.....##..#
........#..##
........$...#
...............#
......o........#


There were no monsters in sight!

Vanquished Creatures
  8 adders (D:2)
  A worm (D:2)
  3 dart slugs
  A leopard gecko (D:2)
  3 orcs
  3 ball pythons
  A giant cockroach (D:2)
  6 goblins
  A hobgoblin (D:1)
  2 jackals (D:2)
  A quokka (D:2)
  2 bats
  A frilled lizard (D:2)
  7 kobolds
  8 rats
48 creatures vanquished.

Notes
Turn   | Place    | Note
-------+----------+-------------------------------------------
     0 | D:1      | vishdafish the Demonspawn Fighter began the quest for the Orb.
     0 | D:1      | Reached XP level 1. HP: 18/18 MP: 1/1
    66 | D:1      | Gained mutation: Your movements are slightly less encumbered by armour. (ER -2) [demonic ancestry]
    66 | D:1      | Reached XP level 2. HP: 23/24 MP: 2/2
   618 | D:2      | Gained mutation: You have a pair of small horns on your head. [demonic ancestry]
   618 | D:2      | Reached XP level 3. HP: 25/29 MP: 3/3
  1225 | D:2      | Reached XP level 4. HP: 32/35 MP: 4/4
  2317 | D:3      | Killed from afar by an orc wizard

Vault maps used:
D:1:      minmay_arrival_radiant_lines
D:3:      okawaru_gym_becter, first_ration, dk_yredelemnul_ordeal

Skill      XL: |  1  2  3  4 |
---------------+-------------+-----
Long Blades    | 2 3 |  3.2
Armour         | 3 |  3.3
Shields        | 3 |  3.3
Fighting       | |  3.6

Action                   |  1- 3 |  4- 6 || total
-------------------------+-------+-------++-------
Melee: Long sword        |    90 |    67 ||   157
       Headbutt          |     5 |     9 ||    14
  Use: Potion            |       |     1 ||     1
  Eat: Chunk             |     1 |     4 ||     5
Armor: Scale mail        |    43 |    29 ||    72
Dodge: Dodged            |    28 |    24 ||    52
Block: Shield            |    47 |    38 ||    85
       Rpst.: Long sword |     7 |     8 ||    15

Table legend:
 A = Spawn XP
 B = Non-spawn XP
 C = Spawn XP percentage of total XP
 D = Spawn monster count
 E = Non-spawn monster count
 F = Spawn count percentage of total count
 G = Total turns spent on level
                    A         B        C        D         E        F      G
               +---------+---------+-------+---------+---------+-------+---------
         Total |       0 |     186 |   0.0 |       0 |      48 |   0.0 |  2317
               +---------+---------+-------+---------+---------+-------+---------
           D:1 |       0 |      23 |   0.0 |       0 |      13 |   0.0 |   568
           D:2 |       0 |     157 |   0.0 |       0 |      33 |   0.0 |  1719
           D:3 |       0 |       6 |   0.0 |       0 |       2 |   0.0 |    30
               +---------+---------+-------+---------+---------+-------+---------
